AoeStats
← Striker2002

African Clearing

505961789Analyzed
2v2 RM · 21d ago on Sep 11, 2026· 34m 28s· 4 players
Game mode
Random Map
Map size
Medium (4 player)
Population
200
Speed
Normal
Resources
Standard
Victory
Conquest
Starting age
Dark Age
Ending age
Imperial Age
RankedLock teamsTeams togetherTeam positionsShared explorationLock speedFull tech treeHidden civsTurbo modeCheats
Victory
Defeat
🇹🇷 Spanish · Türkiye
829
+13
🇹🇷 Mongols · Türkiye
819
+14
🇪🇸 Koreans · Spain
783
-14
🇪🇸 Italians · Spain
747
-13
nilcot2
7:40 Loom
16:20 Feudal Age
17:17 Double-Bit Axe
17:18 Horse Collar
25:13 Wheelbarrow
24:24 Town Watch
31:27 Castle Age
Striker2002
17:51 Feudal Age
22:59 Castle Age
22:50 Horse Collar
27:45 Loom
28:40 Wheelbarrow
28:14 Stone Mining
28:15 Gold Mining
31:46 Double-Bit Axe
32:47 Town Watch
34:12 Pikeman
34:53 Squires
demir
4:47 Loom
14:03 Feudal Age
14:32 Double-Bit Axe
14:29 Horse Collar
14:42 Stone Mining
15:32 Wheelbarrow
14:43 Town Watch
16:27 Gold Mining
20:54 Arson
22:12 Scale Mail Armor
27:28 Castle Age
27:10 Fletching
27:22 Padded Archer Armor
27:58 Scale Barding Armor
27:38 Pikeman
28:40 Heavy Plow
29:03 Bow Saw
29:01 Squires
29:48 Bloodlines
30:12 Forging
30:39 Town Patrol
31:25 Bodkin Arrow
32:02 Husbandry
34:12 Chain Barding Armor
34:45 Gold Shaft Mining
34:54 Leather Archer Armor
mertksk35.5
15:38 Feudal Age
14:30 Loom
21:22 Castle Age
20:08 Double-Bit Axe
20:52 Gold Mining
21:03 Horse Collar
27:00 Padded Archer Armor
30:52 Scale Barding Armor
32:39 Husbandry
Connection lost

Rejoining the realm…

Still unreachable

The connection could not be restored.

Session expired

The server has moved on; the page needs a fresh start.